 Dungeon Crawl Stone Soup version 0.30.1-5-ged363bc7ee (webtiles) character file.

Game seed: 15623665160676594006

485 Heoruswealwe the Conjurer (level 6, -7/45 HPs)
             Began as a Demigod Conjurer on Sept 19, 2023.
             Shot with a bolt by an orc warrior (11 damage)
             ... on level 5 of the Dungeon.
             The game lasted 00:42:21 (6479 turns).

Heoruswealwe the Conjurer (Demigod Conjurer)        Turns: 6479, Time: 00:42:23

Health: -7/45      AC:  4    Str:  8    XL:     6   Next: 57%
Magic:  1/16       EV: 12    Int: 28    God:
Gold:   179        SH:  0    Dex: 12    Spells: 1/14 levels left

rFire   . . .        a - +2 dagger (venom)
rCold   . . .        (no shield)
rNeg    . . .        c - +0 robe
rPois   .            g - +0 helmet
rElec   .            h - +0 cloak
rCorr   .            (no gloves)
SInv    .            (no boots)
Will    .....        (no amulet)
Stlth   ++           (no ring)
HPRegen 0.27/turn    (no ring)
MPRegen 0.15/turn

%: no passive effects
@: no status effects
A: high MP 1, forlorn, divine attributes
a: no special abilities


You were on level 5 of the Dungeon.
You visited 2 branches of the dungeon, and saw 7 of its levels.

You collected 179 gold pieces.

Inventory:

Hand Weapons
 a - a +2 dagger of venom (weapon)
Armour
 c - a +0 robe (worn)
 g - a +0 helmet (worn)
 h - a +0 cloak (worn)
Wands
 t - a wand of polymorph (6)
Scrolls
 j - 2 scrolls of teleportation {unknown}
 k - a scroll of poison {unknown}
 o - a scroll of immolation {unknown}
 q - a scroll of summoning {unknown}
 u - 6 scrolls of identify {unknown}
Potions
 b - a potion of magic
 d - 2 potions of berserk rage {unknown}
 e - a potion of flight {unknown}
 f - 3 potions of attraction {unknown}
 i - 4 potions of haste {unknown}
 l - a potion of curing {unknown}
 m - a potion of mutation {unknown}
 n - a potion of cancellation {unknown}
 p - a potion of degeneration {unknown}
 r - a potion of might {unknown}
 s - 3 potions of brilliance {unknown}


   Skills:
 - Level 1.7 Dodging
 - Level 1.7 Stealth
 + Level 4.5 Spellcasting
 + Level 5.9 Conjurations


You had one spell level left.
You knew the following spells:

 Your Spells              Type           Power      Damage    Failure   Level
a - Magic Dart            Conj           100%       1d8       1%          1
b - Searing Ray           Conj           78%        2d7       1%          2
c - Dazzling Flash        Conj/Hex       46%        N/A       6%          3
d - Stone Arrow           Conj/Erth      46%        3d9       6%          3
e - Fulminant Prism       Conj/Hex       11%        3d9       21%         4

Your spell library contained the following spells:

 Spells                   Type           Power      Damage    Failure   Level
 Sandblast                Erth           12%        2d6       7%          1
 Passwall                 Tmut/Erth      5%         N/A       11%         2
 Iskenderun's Mystic Bla  Conj/Tloc      23%        2d6       21%         4
 Volatile Blastmotes      Fire/Tloc      12%        2d11      22%         3
 Starburst                Conj/Fire      11%        6d5       97%         6


Dungeon Overview and Level Annotations

Branches:
Dungeon (6/15)             Temple (1/1) D:6

Shops:
D:3 [!*!


Innate Abilities, Weirdness & Mutations

You have an increased reservoir of magic. (+10% MP)
You shall have no god before yourself.
Your divine heritage dramatically boosts your attributes as you level up.


Message History

You kill the orc priest!
Things that are here:
a +0 short sword; a +0 scale mail; an orc corpse
Things that are here:
a +0 trident; a +0 chain mail; 16 gold pieces You now have 179 gold pieces (gained 16).
The orc warrior shouts!
The orc warrior unwields a +0 glaive.
The orc warrior wields a +0 arbalest.
The orc warrior shoots a bolt.
The bolt barely misses you.
The orc warrior shoots a bolt.
The bolt hits you!
Things that are here:
a +0 short sword; a +0 scale mail; an orc corpse You start resting.
An orc warrior is nearby!
Casting: Searing Ray (safe; 1% risk of failure)
Confirm with . or Enter, or press ? or * to list all spells.
Aiming: Searing Ray (safe; 1% risk of failure)
Press: ? - help, Shift-Dir - straight line, f - orc warrior
Aim: an orc warrior, wielding a +0 arbalest and wearing a +0 plate armour (81% to hit)
The searing ray hits the orc warrior but does no damage. (Press . to maintain the ray.)
The orc warrior shoots a bolt.
The bolt hits you!
Casting: Searing Ray (safe; 1% risk of failure)
Confirm with . or Enter, or press ? or * to list all spells.
Aiming: Stone Arrow (dangerous; 6% risk of failure)
Press: ? - help, Shift-Dir - straight line, f/p - orc warrior
Aim: an orc warrior, wielding a +0 arbalest and wearing a +0 plate armour (71% to hit)
The stone arrow hits the orc warrior.
The orc warrior is moderately wounded.
The orc warrior shoots a bolt.
The bolt hits you!
* * * LOW HITPOINT WARNING * * *
Casting: Stone Arrow (dangerous; 6% risk of failure)
Confirm with . or Enter, or press ? or * to list all spells.
Aiming: Stone Arrow (dangerous; 6% risk of failure)
Press: ? - help, Shift-Dir - straight line, f/p - orc warrior
Aim: an orc warrior, wielding a +0 arbalest and wearing a +0 plate armour (moderately wounded, 71% to hit)
The stone arrow hits the orc warrior!
The orc warrior is heavily wounded.
The orc warrior shoots a bolt.
The bolt hits you!
You die...

.#. # #... #.
#.... .# ##..o#
..### .###...#
#.....
#..)..####......
###....#..........
#@#.).............
##)o...>#.........
##....#......#...
##..#...........
#####....#........
#.......####......
###....### ##.....
#......####.....
#...............


You could see an orc warrior.

Vanquished Creatures
  A bullfrog (D:5)
  A hound (Temple)
  3 orc priests
  A jelly (D:4)
  Natasha (thrice) (D:2)
  An iguana (D:4)
  An orc wizard (D:3)
  3 gnolls (D:5)
  4 adders
  A worm (D:3)
  2 dart slugs
  10 orcs
  5 bats (D:1)
  10 endoplasms
  3 giant cockroaches
  5 goblins
  6 hobgoblins
  2 jackals (D:2)
  3 quokkas
  2 ball pythons (D:1)
  3 frilled lizards
  10 kobolds
  3 rats
83 creatures vanquished.

Notes
Turn   | Place    | Note
-------+----------+-------------------------------------------
     0 | D:1      | Heoruswealwe the Demigod Conjurer began the quest for the
                  | Orb.
     0 | D:1      | Reached XP level 1. HP: 14/14 MP: 5/5
   249 | D:1      | Reached XP level 2. HP: 20/20 MP: 1/7
   361 | D:1      | Learned a level 2 spell: Searing Ray
   438 | D:1      | Reached skill level 4 in Conjurations
  1095 | D:2      | Reached XP level 3. HP: 23/26 MP: 1/9
  1902 | D:2      | Noticed Natasha
  1907 | D:2      | Killed Natasha
  1991 | D:2      | Learned a level 3 spell: Dazzling Flash
  2372 | D:2      | Noticed Natasha
  2376 | D:2      | Killed Natasha
  2377 | D:2      | Reached XP level 4. HP: 33/33 MP: 3/11
  2874 | D:2      | Noticed Natasha
  2878 | D:2      | Killed Natasha
  4468 | D:3      | Found Pefengi's Distillery.
  4569 | D:3      | Found Dasi's Distillery.
  4616 | D:3      | Reached XP level 5. HP: 31/38 MP: 0/13
  4621 | D:3      | Learned a level 4 spell: Fulminant Prism
  4761 | D:3      | Found Feit Oto's Armour Emporium.
  4797 | D:3      | Found Boereuq's General Store.
  5016 | D:4      | Reached skill level 5 in Conjurations
  5717 | D:4      | Reached XP level 6. HP: 45/45 MP: 5/15
  5907 | D:3      | You fall into a shaft and drop 3 floors!
  5907 | D:6      | Found a staircase to the Ecumenical Temple.
  5916 | Temple   | Entered the Ecumenical Temple
  6150 | D:5      | Entered Level 5 of the Dungeon
  6394 | D:5      | Learned a level 3 spell: Stone Arrow
  6479 | D:5      | Shot with a bolt by an orc warrior

Illustrated notes

Levels and vault maps discovered:
D:1:      dpeg_arrival_orchard, layout_rooms,
          shapermc_ecumenical_altar_starsandcircs, minmay_misc_feat_tower
D:2:      layout_loops_corners, serial_forest, infiniplex_forest_lined_4_way,
          infiniplex_forest_clump_double, infiniplex_forest_end_3,
          infiniplex_forest_clump_small, infiniplex_forest_lined_2,
          infiniplex_forest_straight_2, infiniplex_forest_lined_3_way,
          infiniplex_forest_fountain, wander_ebering_terrifying_dragon_lair,
          uniq_natasha
D:3:      layout_rooms, serial_shops, nicolae_shop_just_a_little_nook,
          nicolae_shop_industrial_runoff, nicolae_shop_peninsula, shop
D:4:      layout_basic, kennysheep_pointless_box, nicolae_figureground_sparkle
D:5:      layout_layer_cave, ebering_ghost_disaster_area, solitary_fountain
D:6:      layout_basic, kiku_gazebo_pond_becter, old_standard_altar,
          kb_xom_exploding_sheep, minmay_temple_entry_glass,
          minmay_misc_feat_alley, grunt_decor_fettered, uniq_sigmund
Temple:   nicolae_temple_godzebo

Skill      XL: |  1  2  3  4  5 |
---------------+----------------+-----
Spellcasting   | 2 3 4 |  4.5
Conjurations   | 4 5 |  5.9
Dodging        | |  1.7
Stealth        | |  1.7

Action                     |  1- 3 |  4- 6 || total
---------------------------+-------+-------++-------
  Melee: Dagger            |   811 |   996 ||  1807
         Punch             |    19 |    20 ||    39
   Cast: Magic Dart        |    71 |    80 ||   151
         Searing Ray       |     2 |    15 ||    17
         Stone Arrow       |       |     2 ||     2
 Armour: Robe              |     7 |     4 ||    11
  Dodge: Dodged            |    11 |    21 ||    32
